 Dungeon Crawl Stone Soup version 0.31-a0-963-ga325b2283a (webtiles) character file.

Game seed: 2310915314490645219

14490 Arzdou the Fighter (level 12, -3/81 HPs)
             Began as a Gargoyle Monk on Oct 25, 2023.
             Was a High Priest of Okawaru.
             Hit by a large rock thrown by a cyclops (24 damage)
             ... on level 11 of the Dungeon.
             The game lasted 00:18:39 (12194 turns).

Arzdou the Fighter (Gargoyle Monk)                 Turns: 12194, Time: 00:18:40

Health: -3/81      AC: 35    Str: 18    XL:     12   Next: 17%
Magic:  14/15      EV:  9    Int: 13    God:    Okawaru [*****.]
Gold:   1450       SH:  0    Dex: 12    Spells: 11/11 levels left

rFire   . . .        b - +3 eveningstar (flame)
rCold   . . .        d - orb {light}
rNeg    + . .        J - +0 plate armour
rPois   ∞            s - +0 helmet
rElec   +            (no cloak)
rCorr   .            K - +0 pair of gloves
SInv    .            k - +0 pair of boots
Will    +....        F - amulet of regeneration Stlth
                     v - +4 ring of protection
HPRegen 1.13/turn    C - ring of willpower
MPRegen 0.14/turn

%: no passive effects
@: heroic, glowing
A: sickness immunity, AC +8, negative energy resistance 1, electricity
resistance, torment resistance 1, petrification resistance
a: Renounce Religion, Heroism, Finesse, Duel


You were on level 11 of the Dungeon.
You worshipped Okawaru.
Okawaru was extremely pleased with you.
You visited 2 branches of the dungeon, and saw 12 of its levels.
You also visited: Ossuary.

You collected 1450 gold pieces.

Inventory:

Hand Weapons
 a - a +0 mace
 b - a +3 eveningstar of flaming (weapon)
 m - a +0 flail
 E - a +0 flail of holy wrath
 G - a +2 mace of protection
Missiles
 o - 2 throwing nets
Armour
 d - an orb of light (worn)
 k - a +0 pair of boots (worn)
 s - a +0 helmet (worn)
 J - a +0 plate armour (worn)
 K - a +0 pair of gloves (worn)
Jewellery
 i - an amulet of reflection
 v - a +4 ring of protection (left hand)
 C - a ring of willpower (right hand)
 F - an amulet of regeneration (around neck)
Wands
 w - a wand of flame (27)
 D - a wand of paralysis (26)
 I - a wand of mindburst (25)
Scrolls
 e - 5 scrolls of fog
 f - 4 scrolls of teleportation
 g - a scroll of brand weapon
 n - 2 scrolls of vulnerability
 p - 2 scrolls of poison
 q - a scroll of blinking
 r - 4 scrolls of enchant armour
 y - 2 scrolls of immolation
Potions
 c - 2 potions of ambrosia
 h - 9 potions of curing
 t - 5 potions of lignification
 u - a potion of resistance
 x - 4 potions of enlightenment
 z - 3 potions of haste
 A - 2 potions of mutation
 B - 2 potions of brilliance
 M - a potion of degeneration {unknown}
Miscellaneous
 j - a phantom mirror
 l - a tin of tremorstones (2/2)


   Skills:
 - Level 12.0(17.0) Fighting
 - Level 10.0(15.0) Maces & Flails
 - Level 7.3(12.3) Throwing
 - Level 10.6(15.6) Armour
 - Level 2.4(7.4) Dodging
 + Level 4.7 Invocations


You had 11 spell levels left.
You didn't know any spells.
Your spell library contained the following spells:

 Spells                   Type           Power      Damage    Failure   Level
 Magic Dart               Conj           0%         1d3       99%         1
 Poisonous Vapours        Pois/Air       0%         N/A       99%         2
 Wereblood                Tmut           0%         N/A       99%         2
 Mephitic Cloud           Conj/Pois/Air  0%         N/A       100%        3
 Sigil of Binding         Hex            0%         N/A       100%        3
 Dimensional Bullseye     Hex/Tloc       0%         N/A       100%        4
 Leda's Liquefaction      Hex/Erth       0%         N/A       100%        4
 Olgreb's Toxic Radiance  Pois           0%         N/A       100%        4
 Petrify                  Tmut/Erth      0%         N/A       100%        4
 Freezing Cloud           Conj/Ice/Air   0%         6-21      100%        5
 Irradiate                Conj/Tmut      0%         3d11      100%        5
 Discord                  Hex            0%         N/A       100%        8
 Ignition                 Fire           0%         3d3       100%        8
 Call Imp                 Summ           Unusable   N/A       N/A         2
 Sublimation of Blood     Necr           Unusable   N/A       N/A         2
 Call Canine Familiar     Summ           Unusable   N/A       N/A         3
 Summon Hydra             Summ           Unusable   N/A       N/A         7

Dungeon Overview and Level Annotations

Branches:
Dungeon (11/15)            Temple (1/1) D:5            Lair (0/5) D:10
    Orc (0/2) D:11        Ossuary (visited)

Altars:
Ashenzari
Cheibriados
Dithmenos
Elyvilon
Fedhas
Gozag
Hepliaklqana
Kikubaaqudgha
Makhleb
Nemelex Xobeh
Okawaru
Qazlal
Ru
Sif Muna
Trog
Uskayaw
Vehumet
Wu Jian
Xom
Yredelemnul
Zin
The Shining One


Innate Abilities, Weirdness & Mutations

You are immune to sickness and miasma.
Your stone body is resilient. (AC +8)
You are immune to poison.
You resist negative energy. (rN+)
You are resistant to electric shocks. (rElec)
You are resistant to unholy torment.
You are immune to petrification.


Message History

You are too injured to fight recklessly!
You are too injured to fight recklessly!
You are too injured to fight recklessly!
You are too injured to fight recklessly!
You are too injured to fight recklessly!
You are too injured to fight recklessly!
You are too injured to fight recklessly!
You are too injured to fight recklessly!
You are too injured to fight recklessly!
Unknown command.
You gain the combat prowess of a mighty hero.
The efreet hits you but does no damage.
The cyclops throws a large rock.
The large rock hits you.
You sock the efreet!
The efreet is almost dead.
The efreet hits you but does no damage.
You hit the efreet but do no damage.
The efreet is almost dead.
The efreet hits you with a +4 scimitar of flaming!
* * * LOW HITPOINT WARNING * * *
The efreet burns you.
* * * LOW HITPOINT WARNING * * *
The cyclops throws a large rock.
The large rock closely misses you.
As you read the scroll of teleportation, it crumbles to dust.
You feel strangely unstable.
The ogre mage hits you but does no damage.
The efreet hits you but does no damage.
You impale the efreet!!
You kill the efreet!
Okawaru accepts your kill.
The cyclops throws a large rock.
The large rock hits you.
* * * LOW HITPOINT WARNING * * *
You barely miss the ogre mage. The ogre mage barely misses you.
You sock the ogre mage! You burn the ogre mage.
The ogre mage is moderately wounded.
Your surroundings seem slightly different.
The ogre mage casts a spell at you. You resist with almost no effort.
The cyclops throws a large rock.
The large rock hits you!!
You die...

#.# #.#.............# #.#
#.#.............##
#.########...(............##
#..........C8.....>.....8..##
#.########.§).............).# #
#.########.#O............##.###.#
#..........#.............#......#
...........#......8......########
..##############@....#####
#.#####.......[....###
#.........########## #######...#
#####


You could see an ogre mage and a cyclops.

Vanquished Creatures
  4 two-headed ogres
  Urug (D:10)
  A skeletal warrior (D:11)
  Maggie (D:7)
  Joseph (D:7)
  A gargoyle (D:10)
  An unseen horror (D:9)
  An unseen horror zombie (D:9)
  2 komodo dragons
  A yaktaur (D:11)
  2 kobold demonologists
  4 trolls
  An efreet (D:11)
  2 hornets
  5 yaks
  2 shadows (D:10)
  A wyvern (D:9)
  3 wraiths
  An acid dragon (D:11)
  4 water moccasins
  A hornet zombie (Ossuary)
  A sky beast (D:8)
  2 orc warriors
  6 black bears
  4 centaurs
  A phantom (D:11)
  2 kobold brigands
  5 bullfrogs
  2 scorpions
  4 water moccasin zombies (Ossuary)
  8 wights
  4 wyvern zombies (Ossuary)
  2 troll zombies (D:11)
  A howler monkey (D:11)
  7 bullfrog zombies (Ossuary)
  3 centaur zombies (Ossuary)
  3 jellies
  7 orc priests
  3 hounds
  Jessica (D:2)
  10 iguanas
  10 orc wizards
  A sleepcap (D:7)
  2 killer bee zombies (Ossuary)
  6 ogre zombies (D:11)
  14 mummies
  A howler monkey zombie (D:9)
  3 gnolls (D:3)
  5 adders
  A white imp (D:5)
  6 ufetubi
  6 dart slugs
  27 orcs
  7 endoplasms
  4 giant cockroaches
  9 goblins
  8 hobgoblins
  2 jackals (D:1)
  5 quokkas
  8 ball pythons
  4 bats
  4 frilled lizards
  3 gnoll skeletons (D:11)
  3 gnoll zombies (D:11)
  18 kobolds
  2 orc skeletons (D:11)
  16 orc zombies (D:11)
  2 rats (D:1)
293 creatures vanquished.

Vanquished Creatures (others)
  2 kobolds (D:7)
  An orc zombie (D:11)
3 creatures vanquished.

Grand Total: 296 creatures vanquished

Notes
Turn   | Place    | Note
-------+----------+-------------------------------------------
     0 | D:1      | Arzdou the Gargoyle Monk began the quest for the Orb.
     0 | D:1      | Reached XP level 1. HP: 14/14 MP: 1/1
    60 | D:1      | Reached XP level 2. HP: 4/19 MP: 2/2
   234 | D:1      | Found a faded altar of an unknown god.
   473 | D:1      | Reached XP level 3. HP: 23/23 MP: 3/3
  1002 | D:2      | Identified the +7 short sword of the Head {venom, MP+9}
  1068 | D:2      | Noticed Jessica
  1083 | D:2      | Killed Jessica
  1084 | D:2      | Reached skill level 5 in Maces & Flails
  1084 | D:2      | Reached XP level 4. HP: 26/28 MP: 4/4
  1505 | D:2      | Identified the +0 sling "Deumopn" {elec, rPois rN+ Dex+2
                  | Stlth+}
  1769 | D:3      | Reached XP level 5. HP: 32/32 MP: 5/5
  2420 | D:3      | Found a sparkling altar of Nemelex Xobeh.
  2905 | D:4      | Reached XP level 6. HP: 37/37 MP: 6/6
  3319 | D:5      | Entered Level 5 of the Dungeon
  3336 | D:5      | Noticed a water moccasin
  3347 | D:5      | Killed a water moccasin
  3535 | D:5      | Noticed a black bear
  3542 | D:5      | Killed a black bear
  3543 | D:5      | Reached XP level 7. HP: 27/41 MP: 7/7
  3735 | D:5      | Found a staircase to the Ecumenical Temple.
  3782 | Temple   | Entered the Ecumenical Temple
  3794 | Temple   | Became a worshipper of Warmaster Okawaru
  3794 | Temple   | Reached * piety under Okawaru
  3794 | Temple   | Reached ** piety under Okawaru
  3927 | D:5      | Found a sand-covered staircase.
  3933 | Ossuary  | Entered an ossuary
  3955 | Ossuary  | Reached skill level 4 in Fighting
  3971 | Ossuary  | Reached skill level 5 in Fighting
  4077 | Ossuary  | Reached skill level 6 in Fighting
  4077 | Ossuary  | Reached XP level 8. HP: 35/51 MP: 8/8
  4227 | Ossuary  | Reached skill level 7 in Fighting
  4256 | Ossuary  | Reached skill level 8 in Fighting
  4374 | Ossuary  | Reached *** piety under Okawaru
  4416 | Ossuary  | Reached skill level 9 in Fighting
  4808 | Ossuary  | Reached XP level 9. HP: 60/62 MP: 9/9
  4996 | D:5      | Reached skill level 10 in Fighting
  5746 | D:6      | Reached skill level 11 in Fighting
  5878 | D:7      | Noticed a kobold demonologist
  5878 | D:7      | Noticed a kobold demonologist
  5890 | D:7      | Noticed a red devil
  5891 | D:7      | Noticed a soul eater
  5894 | D:7      | Noticed a red devil
  5895 | D:7      | Noticed a smoke demon
  5905 | D:7      | Noticed an orange demon
  5913 | D:6      | Killed a kobold demonologist
  5990 | D:7      | Noticed Joseph
  6006 | D:7      | Killed Joseph
  6006 | D:7      | Reached **** piety under Okawaru
  6007 | D:7      | Reached skill level 12 in Fighting
  6141 | D:7      | Reached skill level 1 in Armour
  6150 | D:7      | HP: 1/65 [wight/+4 battleaxe (9)]
  6730 | D:7      | Noticed Maggie
  6758 | D:7      | Killed Maggie
  6759 | D:7      | Reached XP level 10. HP: 41/71 MP: 8/10
  6998 | D:7      | Killed a kobold demonologist
  7157 | D:7      | Found a burning altar of Makhleb.
  7162 | D:7      | Found a blossoming altar of Fedhas.
  7171 | D:7      | Found a white marble altar of Elyvilon.
  7241 | D:8      | Reached ***** piety under Okawaru
  7251 | D:8      | Reached skill level 5 in Armour
  7498 | D:8      | Received a gift from Okawaru
  7799 | D:8      | Identified the +11 rapier of Helat {antimagic, rPois Int+5
                  | SInv Stlth+}
  7960 | D:8      | Found an opulent altar of Gozag.
  8143 | D:8      | Reached skill level 1 in Throwing
  8538 | D:9      | Reached skill level 10 in Maces & Flails
  8878 | D:9      | Noticed a two-headed ogre
  8891 | D:9      | Killed a two-headed ogre
  8939 | D:9      | Found a large runed translucent door.
  8940 | D:9      | Found a large runed translucent door.
  9013 | D:9      | Reached XP level 11. HP: 56/76 MP: 11/11
  9134 | D:9      | Found a hazy altar of Hepliaklqana.
  9143 | D:9      | Found a sacrificial altar of Ru.
  9197 | D:9      | Found a basalt altar of Yredelemnul.
  9438 | D:9      | Found a glowing golden altar of the Shining One.
  9706 | D:10     | Entered Level 10 of the Dungeon
 10159 | D:9      | Found a glowing golden altar of the Shining One.
 10397 | D:9      | Found a sacrificial altar of Ru.
 10400 | D:9      | Found a hazy altar of Hepliaklqana.
 10532 | D:9      | Found a basalt altar of Yredelemnul.
 10624 | D:10     | Noticed Urug
 10642 | D:10     | Killed Urug
 10643 | D:10     | Reached skill level 5 in Throwing
 10728 | D:10     | Identified a scroll of acquirement
 10728 | D:10     | Acquired 936 gold pieces
 10730 | D:10     | Found a staircase to the Lair.
 10841 | D:10     | Noticed a two-headed ogre
 10850 | D:10     | Killed a two-headed ogre
 11378 | D:11     | Found a staircase to the Orcish Mines.
 11384 | D:11     | Reached skill level 10 in Armour
 11526 | D:11     | Received a gift from Okawaru
 11527 | D:11     | Noticed a skeletal warrior
 11532 | D:11     | Noticed an ogre mage
 11708 | D:11     | Noticed a two-headed ogre
 11714 | D:11     | Killed a two-headed ogre
 11715 | D:11     | Reached XP level 12. HP: 77/81 MP: 12/12
 12050 | D:11     | Noticed a two-headed ogre
 12062 | D:11     | Killed a two-headed ogre
 12194 | D:11     | Hit by a large rock thrown by a cyclops

Illustrated notes

Levels and vault maps discovered:
D:1:      heliophobic_arrival_enchanted_forest, layout_basic,
          basic_ecumenical_altar
D:2:      layout_basic, uniq_jessica
D:3:      layout_loops_ring, nemelex_dance_club_becter
D:4:      layout_basic, serial_curves, eino_curves_01, eino_curves_03
D:5:      layout_gridville, minmay_temple_entry_proselytizer,
          gup_ossuary_entry_pyramid, minmay_increasing_density
D:6:      layout_basic
D:7:      layout_basic, minitemple, uniq_joseph, uniq_maggie
D:8:      layout_basic, mainiacjoe_overflow_catwalk
D:9:      layout_basic, tso_altar, lemuel_zombie_altar_yredelemnul,
          jmf_multi_god_temple2, serial_glass, glass_columns_c, glass_columns_c,
          feat_on_display, item_on_display_a, due_unseen_surprise,
          minmay_strange_pillars, minmay_lizard_king
D:10:     layout_rooms, due_lair_maze_entry_diamond, kennysheep_another_room,
          dk_noncrumbling_3, uniq_urug
D:11:     minmay_tri_box, layout_loops_ring, zombieorc2_lemuel
Temple:   hellmonk_temple_forest_ring

Skill      XL: |  1  2  3  4  5  6  7  8  9 10 11 12 |
---------------+-------------------------------------+-----
Maces & Flails | 4 5 6 8 10 | 10.0
Fighting       | 6 9 12 | 12.0
Armour         | 3 7 10 | 10.6
Throwing       | 3 7 |  7.3
Invocations    | 4 |  4.7
Dodging        | |  2.4

Action                     |  1- 3 |  4- 6 |  7- 9 | 10-12 || total
---------------------------+-------+-------+-------+-------++-------
  Melee: Mace              |   101 |    58 |       |   338 ||   497
         Flail             |       |   105 |   360 |   105 ||   570
         Eveningstar       |       |       |       |   160 ||   160
 Invoke: Heroism           |       |       |     3 |     6 ||     9
  Evoke: Wand              |       |       |       |     2 ||     2
    Use: Potion            |       |       |     1 |       ||     1
         Scroll            |       |       |    12 |     6 ||    18
 Armour: Robe              |    49 |    27 |       |       ||    76
         Ring mail         |       |    92 |   263 |    89 ||   444
         Plate armour      |       |       |       |   479 ||   479
  Dodge: Dodged            |    67 |   116 |   225 |   207 ||   615

Table legend: (Time is in decaauts)
 A = Elapsed time spent in this place.
 B = Non-inter-level travel time spent in this place.
 C = Inter-level travel time spent in this place.
 D = Time resting spent in this place.
 E = Time spent auto-exploring this place.
 F = Levels seen in this place.
 G = Mean time per level.
                   A        B        C        D        E       F      G
               +--------+--------+--------+--------+--------+-----+--------+
         Total |  12191 |  11766 |    425 |   1354 |   8123 |  13 |  937.8 |
       Dungeon |  11209 |  10805 |    404 |    994 |   7822 |  11 | 1019.0 |
        Temple |     23 |      2 |     21 |      0 |      0 |   1 |   23.0 |
       Ossuary |    958 |    958 |      0 |    360 |    301 |   1 |  958.0 |
               +--------+--------+--------+--------+--------+-----+--------+

Top non-repeatable levels by time:
     D:9: 1998 daAuts
     D:8: 1293 daAuts
     D:5: 1060 daAuts
     D:1: 1016 daAuts
     D:7: 981 daAuts
 Ossuary: 958 daAuts
     D:3: 909 daAuts
     D:6: 881 daAuts
    D:11: 875 daAuts
    D:10: 764 daAuts
     D:2: 727 daAuts
     D:4: 699 daAuts
  Temple: 23 daAuts
